 BcadrenCrawl: Boulder Brew version 0.04.2-19-ga012a504bd (webtiles) character file.

Game seed: 17049199060419408920, levelgen mode: deterministic

58 graymark the Unbeliever (level 3, 0/30 HPs) Immature Draconian Demonspawn. Began on May 23, 2021. Splashed by a jelly's acid (8 damage) ... on level 2 of the Dungeon. The game lasted 00:03:39 (965 turns).

graymark the Unbeliever (DrDs)                       Turns: 965, Time: 00:03:39

Health: 0/30       AC:  4    Str: 17    XL:     3 ^: 14
Magic:  5/5        EV: 12    Int: 12    God:
Gold:   36         SH:  0    Dex: 10    Spells: 3/4 levels left

rFire    . . .     Vision   .   a - +0 long sword
rCold    + . .     Gourm    .   (no weapon)
rNeg     . . .     Faith    .   (armour unavailable)
rPois    .         Spirit   .   (helmet restricted)
rElec    .         Reflect  .   (no cloak)
rCorr    .         Harm     .   (no gloves)
MR       .....                  (no boots)
Stlth    ++........             (no amulet)
HPRegen  0.20/turn              (no ring)
MPRegen  0.15/turn              (no ring)

@: corroded
A: no body armour, unfitting armour, iridescent scales 1, cold resistance 1,
cold-blooded, AC +6
a: Breathe Dart


You were on level 2 of the Dungeon.
You were not hungry.

You visited 1 branch of the dungeon, and saw 2 of its levels.

You collected 36 gold pieces.

Inventory:

Weapons
 a - a +0 long sword (weapon)
Scrolls
 d - 2 scrolls of amnesia
 e - a scroll of teleportation
Potions
 f - a potion of curing
Comestibles
 b - 4 chunks of flesh
 c - 4 rations


   Skills:
 + Level 2.4 Fighting
 + Level 2.2 Long Blades
 + Level 2.9 Dodging
 - Level 1.3 Stealth
 - Level 1.3 Spellcasting
 - Level 1.5 Fire Magic
   Level 3.0 Invocations


You had 3 spell levels left.
You knew the following spells:

 Your Spells              Type           Power        Failure   Level  Hunger
a - Flame Tongue          Fire           4 (30)       16%         1    ##.....

Your spell library contained the following spells:

 Spells                   Type           Power        Failure   Level  Hunger
 Blink                    Tloc           N/A          41%         2    ###....
 Call Imp                 Summ           0 (100)      41%         2    ###....
 Slow                     Hex            0 (100)      41%         2    ###....
 Conjure Flame            Fire           4 (100)      43%         3    ####...
 Mephitic Cloud           Pois/Air       0 (100)      65%         3    ####...


Dungeon Overview and Level Annotations

Branches:
Dungeon (2/8)

Altars:


Innate Abilities, Weirdness & Mutations

You cannot fit into any form of body armour.
Your plain brown scales are resilient. (AC +6)
You can breathe rudimentary magical darts.
You are partially covered in iridescent scales. (AC +2)
You are cold resistant. (rC+)
You are cold-blooded and may be slowed by cold attacks.


Message History

You hit the kobold (3).
You kill the kobold!
Aiming:
a - a +0 long sword, Range: 2 (50%)
Press: ? - help, Shift-Dir - straight line, f - jelly
Aim: a jelly (healthy (16/16))
Okay, then.
The kobold shouts!
You hit the jelly (6).
Your hands burn (3).
You hit the jelly but do no damage.
Your hands burn (1).
The jelly is moderately wounded. (10/16) HP The jelly hits you (1).
The acid corrodes you!
You are splashed with acid (9)!
You hit the jelly (1).
Your hands burn (4).
You hit the jelly but do no damage.
Your hands burn (3).
* * * LOW HITPOINT WARNING * * *
You tail-slap the jelly, but do no damage.
The jelly is heavily wounded. (9/16) HP The jelly hits you (1).
* * * LOW HITPOINT WARNING * * *
You are splashed with acid (8)!
You die...

#≈≈≈.K. #.P #≈≈≈..J #..
..≈≈≈.. ..# ≈.≈≈≈≈. ##..#
#.≈≈≈≈K #..# .=PPP≈≈##≈≈#
#### ...;P≈KK†.# #####
#≈.. ..P≈PP≈#JP##
##≈.≈#####..≈
P≈≈≈PP##@P###≈.....P##.<#


#.P.PPP ##.P.≈.##.÷..P#..# P #≈P...##...##..≈.. #.###≈#≈.≈.≈##.≈.. ##
############## You could see a big kobold, a jelly and 2 kobolds.

Vanquished Creatures
  4 cinder newts
  2 leopard geckos (D:1)
  5 hobgoblins (D:1)
  6 kobolds
  7 bats (D:1)
  A bat skeleton (D:2)
  2 goblins (D:1)
  2 rats
29 creatures vanquished.

Vanquished Creatures (others)
  17 withered plants (D:2)
17 creatures vanquished.

Grand Total: 46 creatures vanquished

Notes
Turn   | Place    | Note
-------+----------+-------------------------------------------
     0 | D:1      | graymark the Immature Draconian Demonspawn began the quest
                  | for the Orb.
     0 | D:1      | Reached XP level 1. HP: 16/16 MP: 3/3
   197 | D:1      | Gained mutation: You are cold resistant. (rC+) [demonic
                  | ancestry]
   197 | D:1      | Reached XP level 2. HP: 23/23 MP: 4/4
   339 | D:1      | Gained mutation: You are partially covered in iridescent
                  | scales. (AC +2) [demonic ancestry]
   339 | D:1      | Reached XP level 3. HP: 27/29 MP: 5/5
   952 | D:2      | Noticed a big kobold
   965 | D:2      | Splashed by a jelly's acid

Levels and vault maps discovered:
D:1:      evilmike_arrival_plus, layout_loops_corners
D:2:      layout_sewer, vehumet_crystals, sewer_frog_pond, first_ration,
          minmay_tiny_reverse_x, uniq_ijyb

Skill      XL: |  1  2 |
---------------+-------+-----
Fighting       | 2 |  2.4
Long Blades    | 2 |  2.2
Dodging        | |  2.9
Stealth        | |  1.3
Spellcasting   | |  1.3
Fire Magic     | |  1.5
Invocations    | |  3.0

Action                   || total
-------------------------++-------
Melee: Long sword        ||    51
       Unarmed           ||    29
       Tailslap          ||     1
 Stab: Sleeping          ||     4
Armor: Skin              ||    15
Dodge: Dodged            ||    39
       Rpst.: Long sword ||    14
